 Dungeon Crawl Stone Soup version 0.31-a0-1377-g7102d64 (webtiles) character file.

Game seed: 6345226375982124189

2973 PublicAnimeNo1 the Grappler (level 9, 0/74 HPs)
             Began as a Demigod Shapeshifter on Dec 24, 2023.
             Succumbed to their own poison gas
             ... on level 7 of the Dungeon.
             The game lasted 00:17:07 (6635 turns).

PublicAnimeNo1 the Grappler (Demigod Shapeshifter)  Turns: 6635, Time: 00:17:08

Health: 0/74       AC:  4    Str: 27    XL:     9   Next: 28%
Magic:  11/11      EV: 15    Int: 12    God:
Gold:   356        SH:  0    Dex: 19    Spells: 8/8 levels left

rFire   . .          .
                       - Unarmed
rCold   . . .        (no shield)
rNeg    + . .        o - +2 robe {rN+}
rPois   .            (helmet currently unavailable)
rElec   .            (cloak currently unavailable)
rCorr   .            (gloves currently unavailable)
SInv    .            (boots currently unavailable)
Will    .....        A - amulet of regeneration
Stlth   +++          t - +6 ring of dexterity
HPRegen 1.12/turn    (no ring)
MPRegen 0.12/turn

%: no passive effects
@: lethally poisoned (0 -> -2), beast-form, on berserk cooldown, slowed, very
slow
A: beast (slay +3), high MP 1, forlorn, divine attributes
a: Begin Untransformation


You were on level 7 of the Dungeon.
You were a hulking beast.
You visited 1 branch of the dungeon, and saw 7 of its levels.
You also visited: Bailey.

You collected 356 gold pieces.

Inventory:

Hand Weapons
 b - a +4 short sword
Armour
 i - a +0 leather armour
 o - a +2 robe of positive energy (worn)
Jewellery
 q - a ring of flight
 s - a ring of protection from cold
 t - a +6 ring of dexterity (left hand)
 A - an amulet of regeneration (around neck)
Talismans
 c - a beast talisman (active)
 d - a flux talisman
Wands
 j - a wand of charming (4)
Scrolls
 a - a scroll of teleportation
 m - 2 scrolls of fog
Potions
 e - 2 potions of might
 f - a potion of lignification
 h - a potion of heal wounds
 k - a potion of mutation {unknown}
 l - 2 potions of brilliance
 n - a potion of degeneration {unknown}
 p - 2 potions of resistance {unknown}
 u - a potion of cancellation {unknown}
 v - 2 potions of haste
 x - a potion of attraction {unknown}
 z - 2 potions of enlightenment {unknown}


   Skills:
 + Level 5.1 Fighting
 + Level 5.2 Dodging
 - Level 4.0 Stealth
 * Level 8.0 Unarmed Combat
 + Level 5.4 Shapeshifting


You had 8 spell levels left.
You didn't know any spells.
Your spell library contained the following spells:

 Spells                   Type           Power      Damage    Failure   Level
 Magic Dart               Conj           0%         1d3       32%         1
 Cigotuvi's Dreadful Rot  Necr/Alch/Air  0%         N/A       45%         2
 Ensorcelled Hibernation  Hex/Ice        0%         N/A       45%         2
 Searing Ray              Conj           0%         2d4       45%         2
 Static Discharge         Conj/Air       0%         3-3/arc   45%         2
 Frozen Ramparts          Ice            0%         1d1       69%         3
 Fugue of the Fallen      Necr           0%         N/A       69%         3
 Gell's Gravitas          Tloc           0%         N/A       69%         3
 Ozocubu's Armour         Ice            0%         N/A       69%         3
 Teleport Other           Tloc           0%         N/A       69%         3
 Airstrike                Air            0%         2d(0-16)  97%         4
 Anguish                  Hex/Necr       0%         N/A       97%         4
 Fulminant Prism          Conj/Alch      0%         3d5       97%         4
 Ignite Poison            Fire/Alch      0%         N/A       97%         4
 Leda's Liquefaction      Alch/Erth      0%         N/A       97%         4
 Manifold Assault         Tloc           0%         N/A       97%         4
 Petrify                  Alch/Erth      0%         N/A       97%         4
 Summon Lightning Spire   Summ/Air       0%         N/A       97%         4
 Freezing Cloud           Conj/Ice/Air   0%         6-21      100%        5
 Metabolic Englaciation   Hex/Ice        0%         N/A       100%        5
 Dispersal                Tloc           0%         N/A       100%        6
 Chain Lightning          Conj/Air       0%         N/A       100%        9
 Fire Storm               Conj/Fire      0%         5d1       100%        9
 Shatter                  Erth           0%         3d5*      100%        9


Dungeon Overview and Level Annotations

Branches:
Dungeon (7/15)             Temple (0/1) D:4          Bailey (visited)

Shops:
D:2 [   D:4 *[(   D:6 *

Annotations:
D:4 exclusion: gnoll
D:5 5 runed translucent doors, Edmund


Innate Abilities, Weirdness & Mutations

You are a hulking beast.
Your limbs bulge with bestial killing power. (Slay +3)
You have an increased reservoir of magic. (+10% MP)
You shall have no god before yourself.
Your divine heritage dramatically boosts your attributes as you level up.


Message History

You are poisoned.
You feel very sick.
The orc knight is engulfed in poison gas.
The orc knight looks as sick as possible!
You are engulfed in poison gas.
You are more poisoned.
You feel extremely sick.
The orc knight is engulfed in poison gas.
The orc knight looks as sick as possible!
The orc knight attacks as it pursues you!
The orc knight hits you from afar with a +0 halberd!
* * * LOW HITPOINT WARNING * * *
Okay, then.
Blink to where?
Press: ? - help, Dir - move target
As you read the scroll of blinking, it crumbles to dust.
* * * LOW HITPOINT WARNING * * *
You feel very sick.
It was a potion of berserk rage.
A red film seems to cover your vision as you go berserk!
You feel yourself moving faster!
You feel mighty!
* * * LOW HITPOINT WARNING * * *
You feel very sick.
You are too berserk!
You feel a strong urge to attack something.
* * * LOW HITPOINT WARNING * * *
You feel sick.
There is a gate leading back out of this place here.
* * * LOW HITPOINT WARNING * * *
You feel sick.
Welcome back to the Dungeon!
You feel your anger nearly subside.
* * * LOW HITPOINT WARNING * * *
You feel sick.
There is an empty arch of ancient stone here.
There is a lethal amount of poison in your body!
There is a lethal amount of poison in your body!
You are no longer berserk.
You are exhausted.
You feel yourself slow down.
You die...

##########
#........#
#.#8#.##.#
#.#h#.##.########
#.8.#.#.........#
#.#.#.#.........#
#.#.8.#.........#...
#.#.#.#.........# #.
#.8.#.#.........#..#
#.#.#.####..######.
#.#.8.# #.....###.#
#.#.#.# #.###......


There were no monsters in sight!

Vanquished Creatures
  Pikel (D:4)
  A wyvern (D:7)
  2 water moccasins (D:7)
  4 orc warriors (Bailey)
  2 black bears (D:7)
  2 sky beasts (D:7)
  An ogre (D:6)
  2 phantoms (D:5)
  A bullfrog (D:6)
  A scorpion (D:2)
  A water moccasin zombie (D:6)
  A howler monkey (D:5)
  2 centaur zombies (D:6)
  A bullfrog zombie (D:6)
  4 jellies
  3 orc priests
  A bombardier beetle (D:4)
  4 hounds
  3 iguanas
  A sleepcap (D:5)
  3 orc wizards
  2 killer bee zombies (D:6)
  8 gnolls
  9 adders
  6 white imps
  3 worms
  A dart slug (D:1)
  25 orcs
  7 endoplasms
  3 giant cockroaches
  7 goblins
  4 hobgoblins
  6 jackals (D:4)
  11 kobolds
  A quokka (D:1)
  2 ball pythons
  3 bats
  3 frilled lizards
  4 rats
146 creatures vanquished.

Notes
Turn   | Place    | Note
-------+----------+-------------------------------------------
     0 | D:1      | PublicAnimeNo1 the Demigod Shapeshifter began the quest for
                  | the Orb.
     0 | D:1      | Reached XP level 1. HP: 15/15 MP: 3/3
    83 | D:1      | Reached skill level 1 in Fighting
   234 | D:1      | Reached skill level 3 in Unarmed Combat
   234 | D:1      | Reached XP level 2. HP: 17/23 MP: 4/4
   786 | D:2      | Reached XP level 3. HP: 21/28 MP: 5/5
   807 | D:2      | Found Uschin's Antique Armour Emporium.
   971 | D:2      | Noticed a scorpion
   978 | D:2      | Killed a scorpion
   979 | D:2      | Reached XP level 4. HP: 36/36 MP: 6/6
  1650 | D:3      | Reached skill level 4 in Unarmed Combat
  1853 | D:3      | Reached XP level 5. HP: 34/41 MP: 7/7
  2642 | D:4      | Noticed Pikel
  2734 | D:4      | Killed Pikel
  2735 | D:4      | Reached skill level 5 in Unarmed Combat
  2735 | D:4      | Reached XP level 6. HP: 40/51 MP: 8/8
  2735 | D:4      | Reached XP level 7. HP: 45/57 MP: 9/9
  2844 | D:4      | Found a staircase to the Ecumenical Temple.
  2895 | D:4      | Found Kaano's Antique Weapon Emporium.
  2941 | D:4      | Found Woxkatem's Antique Armour Emporium.
  3061 | D:4      | Upgraded the game from 0.31-a0-1376-g36f0627 to
                  | 0.31-a0-1377-g7102d64
  3127 | D:4      | Found Riptuqio's General Store.
  3441 | D:5      | Entered Level 5 of the Dungeon
  3624 | D:5      | Found the +9 staff of Olgreb {rPois∞}
  3636 | D:5      | Found a runed translucent door.
  3654 | D:5      | Reached skill level 1 in Stealth
  3749 | D:5      | Found a runed translucent door.
  3757 | D:5      | Found a runed translucent gate.
  3757 | D:5      | Found a runed translucent gate.
  3770 | D:5      | Found a runed translucent gate.
  3772 | D:5      | Noticed Edmund
  3827 | D:5      | Reached skill level 6 in Unarmed Combat
  3927 | D:5      | Identified the +7 whip "Yqixaale" {heavy, rElec rF- Str+4
                  | Stlth+}
  4384 | D:6      | Reached XP level 8. HP: 24/66 MP: 10/10
  5162 | D:6      | Found Rigajom's Elemental Accessories.
  5429 | D:6      | Reached skill level 7 in Unarmed Combat
  6047 | D:7      | Reached skill level 5 in Shapeshifting
  6101 | D:7      | Reached XP level 9. HP: 35/72 MP: 11/11
  6293 | D:7      | Found a flagged portal.
  6373 | Bailey   | Entered a bailey
  6427 | Bailey   | Reached skill level 5 in Fighting
  6427 | Bailey   | Reached skill level 5 in Dodging
  6555 | Bailey   | Reached skill level 8 in Unarmed Combat
  6621 | Bailey   | Noticed an orc knight
  6631 | Bailey   | HP: 5/111 [poisoned by you (poison gas)]
  6634 | D:7      | HP: 1/111 [poisoned by you (poison gas)]
  6635 | D:7      | Succumbed to their own poison gas

Illustrated notes

Levels and vault maps discovered:
D:1:      wander_arrival_lonely_grave, layout_rooms, kennysheep_pointless_box,
          dk_noncrumbling_2, grunt_decor_mini_mirrors
D:2:      minmay_spotlight, layout_basic, serial_shops,
          nicolae_shop_tiny_statue_garden, minmay_misc_feat_roman,
          nicolae_figureground_sparkle
D:3:      layout_rooms, lemuel_tele_altar
D:4:      layout_gridville, kennysheep_mini, minmay_temple_entry_junction,
          serial_shops, nicolae_shop_crystal, shop, shop_fountains,
          serial_library_hellmonk_double_dead_end, hangedman_glass_teeth,
          eino_tiny_chamber, kennysheep_doodads, uniq_pikel
D:5:      layout_basic, lemuel_coloured_pillars_altar,
          minmay_guarded_unrand_staff_of_olgreb, uniq_edmund
D:6:      layout_cave_pods, nicolae_yredelemnul_corpse_copse,
          nemelex_dance_club_becter, mainiacjoe_overflow_catwalk,
          nicolae_elemental_shop, grunt_ministairs_6
D:7:      layout_rooms, mainiacjoe_overflow_swirl, enter_bailey_8,
          minmay_starry_boxes

Skill      XL: |  1  2  3  4  5  6  7  8  9 |
---------------+----------------------------+-----
Fighting       | 1 2 3 4 5 |  5.1
Dodging        | 2 3 4 5 |  5.2
Unarmed Combat | 3 4 5 6 7 8 |  8.0
Shapeshifting  | 3 4 5 |  5.4
Stealth        | 2 3 4 |  4.0

Action                     |  1- 3 |  4- 6 |  7- 9 || total
---------------------------+-------+-------+-------++-------
  Melee: Unarmed           |    80 |    26 |   345 ||   451
         Punch             |     3 |     4 |    15 ||    22
         Short sword       |       |    99 |       ||    99
  Evoke: Wand              |       |       |     2 ||     2
    Use: Scroll            |     1 |     5 |    11 ||    17
         Potion            |     1 |     2 |     8 ||    11
   Stab: Sleeping          |     1 |       |     3 ||     4
 Armour: Animal skin       |    19 |       |       ||    19
         Leather armour    |    11 |    43 |       ||    54
         Skin              |     6 |    46 |    12 ||    64
         Robe              |       |       |   149 ||   149
  Dodge: Dodged            |    39 |    41 |   223 ||   303
   Form: Beast             |       |       |     1 ||     1
         Flux              |       |       |     1 ||     1

Table legend: (Time is in decaauts)
 A = Elapsed time spent in this place.
 B = Non-inter-level travel time spent in this place.
 C = Inter-level travel time spent in this place.
 D = Time resting spent in this place.
 E = Time spent auto-exploring this place.
 F = Levels seen in this place.
 G = Mean time per level.
                   A        B        C        D        E       F      G
               +--------+--------+--------+--------+--------+-----+--------+
         Total |   6586 |   6427 |    159 |   1491 |   3228 |   8 |  823.2 |
       Dungeon |   6333 |   6174 |    159 |   1402 |   3222 |   7 |  904.7 |
        Bailey |    253 |    253 |      0 |     89 |      6 |   1 |  253.0 |
               +--------+--------+--------+--------+--------+-----+--------+

Top non-repeatable levels by time:
     D:6: 1281 daAuts
     D:5: 1162 daAuts
     D:3: 1130 daAuts
     D:2: 883 daAuts
     D:4: 763 daAuts
     D:1: 653 daAuts
     D:7: 458 daAuts
  Bailey: 253 daAuts
